 Dungeon Crawl Stone Soup version 0.28-a0-381-g937acc2988 (webtiles) character file.

Game seed: 4112787497452364763

181302 frimble the Prestidigitator (level 18, -4/141 HPs)
             Began as a Gnoll Artificer on Sept 2, 2021.
             Was the Champion of Cheibriados.
             Killed from afar by a deep elf zephyrmancer (16 damage)
             ... with a bolt of lightning
             ... on level 3 of the Elven Halls.
             The game lasted 01:15:52 (33806 turns).

frimble the Prestidigitator (Gnoll Artificer)      Turns: 33806, Time: 01:15:52

Health: -4/141     AC: 16    Str: 37    XL:     18   Next: 30%
Magic:  29/34      EV: 22    Int: 35    God:    Cheibriados [******]
Gold:   962        SH: 13    Dex: 23    Spells: 16/41 levels left

rFire   + . .      SeeInvis +   a - +9 demon blade (vamp)
rCold   + + .      Faith    .   m - +0 buckler of the Quahog {rPois rN+++ Str-3 Dex-4}
rNeg    + + +      Spirit   .   F - +2 leather armour {rC+ rF+}
rPois   +          Reflect  +   E - +1 hat
rElec   .          Harm     .   R - +2 cloak "Myhe" {Will+ Str+3 Slay+3}
rCorr   .          Rampage  .   d - +2 pair of gloves {Str+3}
Will    +++..                   K - +0 pair of boots
Stlth   +++++.....              G - amulet of reflection
HPRegen 1.33/turn               W - ring "Xesusoh" {Will+ Str+6 Int+2}
MPRegen 0.24/turn               j - ring of Tender Moments {Contam rC+ Slay+5}

@: very slow
A: fangs 1, strong nose, distributed training, see invisible, regeneration 1,
wild magic 1
a: Renounce Religion, Bend Time, Temporal Distortion, Slouch, Step From Time


You were on level 3 of the Elven Halls.
You worshipped Cheibriados.
Cheibriados was exalted by your worship.
You visited 4 branches of the dungeon, and saw 26 of its levels.
You also visited: Trove, Bailey, Gauntlet, Ice Cave and Wizlab.

You collected 3870 gold pieces.
You spent 2908 gold pieces at shops.

Inventory:

Hand Weapons
 a - a +9 vampiric demon blade (weapon)
 b - a +2 dagger of electrocution
 C - a +0 double sword
Missiles
 y - 137 poisoned darts
 D - 14 javelins (quivered)
 J - 13 curare-tipped darts
Armour
 d - a +2 pair of gloves of strength (worn)
 m - the +0 buckler of the Quahog (worn) {rPois rN+++ Str-3 Dex-4}
   (You bought it in a shop on level 1 of the Elven Halls)

   Str:       It affects your strength (-3).
   Dex:       It affects your dexterity (-4).
   rPois:     It protects you from poison.
   rN:        It renders you almost immune to negative energy.
 E - a +1 hat (worn)
 F - a +2 leather armour of resistance (worn)
 K - a +0 pair of boots (worn)
 M - the +0 cloak "Baneahum" {rF+ rN+ Regen+ Stlth-}
   (You found it in a Gauntlet)

   rF:        It protects you from fire.
   rN:        It protects you from negative energy.
   Regen:     It increases your rate of health regeneration.
   Stlth:     It makes you less stealthy.
 R - the +2 cloak "Myhe" (worn) {Will+ Str+3 Slay+3}
   (You found it in a wizard's laboratory)

   Str:       It affects your strength (+3).
   Slay:      It affects your accuracy & damage with ranged weapons and melee
   (+3).
   Will:      It increases your willpower.
Jewellery
 f - an amulet of magic regeneration
 g - a ring of flight
 j - the ring of Tender Moments (right hand) {Contam rC+ Slay+5}
   (You took it off a minotaur in a Gauntlet)

   [ring of protection from cold]

   Slay:      It affects your accuracy & damage with ranged weapons and melee
   (+5).
   rC:        It protects you from cold.
   Contam:    It causes magical contamination when unequipped.
 u - a +4 ring of evasion
 G - an amulet of reflection (around neck)
 S - the ring of Fuwun {Wiz +Blink rPois Int+7 Dex-5}
   (You found it in a treasure trove)

   [ring of wizardry]

   It improves your spell success rate.
   Int:       It affects your intelligence (+7).
   Dex:       It affects your dexterity (-5).
   rPois:     It protects you from poison.
   +Blink:    It lets you blink.
 U - a ring of protection from fire
 V - an amulet of regeneration
 W - the ring "Xesusoh" (left hand) {Will+ Str+6 Int+2}
   (You found it in a treasure trove)

   [ring of strength]

   Str:       It affects your strength (+6).
   Int:       It affects your intelligence (+2).
   Will:      It increases your willpower.
 X - the ring "Caraufal" {Wiz +Blink rF+ Int+7 Stlth+}
   (You found it in a treasure trove)

   [ring of wizardry]

   It improves your spell success rate.
   Int:       It affects your intelligence (+7).
   rF:        It protects you from fire.
   +Blink:    It lets you blink.
   Stlth:     It makes you more stealthy.
Wands
 i - a wand of paralysis (15)
 t - a wand of iceblast (64)
 w - a wand of flame (65)
 L - a wand of polymorph (17)
 N - a wand of digging (4)
 T - a wand of mindburst (23)
Scrolls
 q - 2 scrolls of amnesia
 v - 2 scrolls of blinking
 z - 21 scrolls of teleportation
 B - 3 scrolls of fog
 I - 2 scrolls of immolation
 P - 5 scrolls of identify
 Q - 2 scrolls of enchant weapon
 Y - a scroll of magic mapping
Potions
 c - a potion of ambrosia
 h - 4 potions of brilliance
 k - 11 potions of heal wounds
 l - 5 potions of lignification
 n - 7 potions of might
 o - a potion of resistance
 r - 6 potions of flight
 s - 3 potions of attraction
 x - 8 potions of haste
 A - 4 potions of curing
 H - 3 potions of magic
 O - 2 potions of invisibility
Miscellaneous
 e - a piece from Xom's chessboard (15/15)
 p - a tin of tremorstones (inert)


   Skills:
 + Level 12.3 Fighting
 + Level 12.1 Short Blades
 + Level 12.1 Long Blades
 + Level 12.1 Axes
 + Level 12.1 Maces & Flails
 + Level 12.1 Polearms
 + Level 12.1 Staves
 + Level 12.1 Slings
 + Level 12.1 Bows
 + Level 12.1 Crossbows
 + Level 12.1 Throwing
 + Level 12.8 Armour
 + Level 12.3 Dodging
 + Level 12.3 Stealth
 + Level 12.1 Shields
 + Level 12.1 Unarmed Combat
 + Level 12.1 Spellcasting
 + Level 10.3 Conjurations
 + Level 10.3 Hexes
 + Level 10.3 Summonings
 + Level 10.3 Necromancy
 + Level 10.3 Translocations
 + Level 10.3 Transmutations
 + Level 10.3 Fire Magic
 + Level 10.3 Ice Magic
 + Level 10.3 Air Magic
 + Level 10.3 Earth Magic
 + Level 10.3 Poison Magic
 + Level 13.0 Invocations
 + Level 13.4 Evocations


You had 16 spell levels left.
You knew the following spells:

 Your Spells              Type           Power      Damage    Failure   Level
a - Summon Guardian Gole  Hex/Summ       89%        N/A       1%          3
b - Borgnjor's Vile Clut  Necr/Erth      44%        N/A       1%          5
c - Passwall              Tmut/Erth      74%        N/A       1%          2
d - Ozocubu's Refrigerat  Ice            44%        4d13      34%         7
e - Blink                 Tloc           N/A        N/A       1%          2
f - Statue Form           Tmut/Erth      59%        N/A       8%          6

Your spell library contained the following spells:

 Spells                   Type           Power      Damage    Failure   Level
 Animate Skeleton         Necr           100%       N/A       1%          1
 Apportation              Tloc           100%       N/A       1%          1
 Corona                   Hex            98%        N/A       1%          1
 Foxfire                  Conj/Fire      100%       2x1d9     1%          1
 Freeze                   Ice            100%       1d11      1%          1
 Pain                     Necr           100%       1d9       1%          1
 Summon Small Mammal      Summ           100%       N/A       1%          1
 Ensorcelled Hibernation  Hex/Ice        100%       N/A       1%          2
 Static Discharge         Conj/Air       89%        N/A       1%          2
 Call Canine Familiar     Summ           89%        N/A       1%          3
 Conjure Flame            Conj/Fire      89%        6-21      1%          3
 Dazzling Flash           Conj/Hex       100%       N/A       1%          3
 Frozen Ramparts          Ice            100%       1d12      1%          3
 Inner Flame              Hex/Fire       89%        N/A       1%          3
 Ozocubu's Armour         Ice            89%        N/A       1%          3
 Spider Form              Tmut/Pois      44%        N/A       1%          3
 Swiftness                Air            89%        N/A       1%          3
 Teleport Other           Tloc           89%        N/A       1%          3
 Animate Armour           Summ/Erth      100%       N/A       1%          4
 Animate Dead             Necr           44%        N/A       1%          4
 Cause Fear               Hex            44%        N/A       1%          4
 Dispel Undead            Necr           89%        3d28      1%          4
 Hailstorm                Conj/Ice       89%        3d18      1%          4
 Petrify                  Tmut/Erth      89%        N/A       1%          4
 Sticky Flame             Conj/Fire      89%        2d10      1%          4
 Agony                    Necr           89%        N/A       1%          5
 Alistair's Intoxication  Tmut/Pois      59%        N/A       1%          5
 Blade Hands              Tmut           44%        N/A       1%          5
 Excruciating Wounds      Necr           44%        N/A       1%          5
 Manifold Assault         Tloc           89%        N/A       1%          5
 Metabolic Englaciation   Hex/Ice        44%        N/A       1%          5
 Silence                  Hex/Air        44%        N/A       1%          5
 Conjure Ball Lightning   Conj/Air       44%        3x3d15    8%          6
 Dispersal                Tloc           44%        N/A       8%          6
 Eringya's Noxious Bog    Tmut/Pois      44%        N/A       8%          6
 Invisibility             Hex            44%        N/A       8%          6
 Iron Shot                Conj/Erth      44%        9d9       8%          6
 Dragon Form              Tmut           44%        N/A       34%         7
 Haunt                    Necr/Summ      44%        N/A       34%         7
 Malign Gateway           Summ/Tloc      44%        N/A       34%         7
 Storm Form               Tmut/Air       44%        N/A       34%         7
 Discord                  Hex            44%        N/A       94%         8
 Disjunction              Tloc           44%        N/A       94%         8
 Infestation              Necr           44%        N/A       94%         8
 Dragon's Call            Summ           44%        N/A       100%        9


Dungeon Overview and Level Annotations

Branches:
Dungeon (15/15)            Temple (0/1) D:6            Lair (6/6) D:9
  Swamp (0/4) Lair:2       Spider (0/4) Lair:3        Slime (0/5) Lair:6
    Orc (2/2) D:11            Elf (3/3) Orc:2        Vaults (0/5) D:13
 Depths (0/5) D:15         Bailey (visited)           IceCv (visited)
 WizLab (visited)         Gauntlet (visited)

Altars:
Ashenzari
Cheibriados
Elyvilon
Hepliaklqana
Makhleb
Qazlal
Ru
Sif Muna
Uskayaw
Vehumet
Zin
Beogh

Shops:
D:10 (*=[**   D:15 :=*   Orc:2 *([[   Elf:1 ?:[:   Elf:2 [

Annotations:
Elf:2 3 runed translucent doors


Innate Abilities, Weirdness & Mutations

You have very sharp teeth.
Your uncanny sense of smell can sniff out nearby items.
Your experience applies equally to all skills.
You have supernaturally acute eyesight. (SInv)
Your natural rate of healing is unusually fast.
Your spells are a little harder to cast, but a little more powerful.


Message History

You completely miss the deep elf knight.
The deep elf knight is almost dead.
You block the deep elf knight's attack.
The deep elf archer shoots an arrow.
The arrow hits the deep elf knight!!
The deep elf knight dies!
The deep elf pyromancer hits you but does no damage.
The deep elf zephyrmancer points at you and mumbles some strange words.
The bolt of lightning hits you!!
* * * LOW HITPOINT WARNING * * *
The bolt of lightning misses you.
The bolt of lightning misses the deep elf zephyrmancer.
The deep elf archer shoots an arrow.
You reflect the arrow off an invisible shield around you!
The arrow hits the deep elf archer!
You block the deep elf pyromancer's attack.
You block the deep elf zephyrmancer's attack.
The deep elf archer shoots an arrow.
You reflect the arrow off an invisible shield around you!
The arrow hits the deep elf archer!!
There is an open door, spattered with blood here.
Things that are here:
a +0 short sword; a +0 ring mail; an elf corpse You can feel time thicken for a moment.
You kill the deep elf archer!
Cheibriados appreciates the change of pace.
You block the deep elf pyromancer's attack.
The deep elf zephyrmancer completely misses you.
You slash the deep elf pyromancer!
You feel better.
Your bite misses the deep elf pyromancer.
The deep elf pyromancer is almost dead.
The deep elf pyromancer casts a spell at you.
The sticky flame reflects off an invisible shield around you!
The sticky flame hits the deep elf pyromancer!
You kill the deep elf pyromancer!
Cheibriados thoroughly appreciates the change of pace.
The deep elf zephyrmancer gestures at you while chanting.
The bolt of lightning hits you!!
* * * LOW HITPOINT WARNING * * *
The bolt of lightning hits you!
You die...

*,* **,** **☼,,,,,,,,**
#+###**,** #..........,*
##...##,** #<.........,*
#.....+#* #.....<....,*
.[.....##****#..........,*
........+,,,,+.....)....,*
...<....#******.........**
........# *#)......#*
.......## ##@e....#*
#...[..# ##.####+##
##..≈#'# ##.## *,* ##≈≈≈.#
##.## *,* ##≈≈#≈≈#* ##.##
*+*** #≈≈###≈≈###.## *,,,*
≈≈##.##≈≈#'## *,,,*
.≈#...#≈≈.## ****,,,****
..'.∩.#≈≈.## *,,,,*,,,,*


You could see a deep elf zephyrmancer.

Vanquished Creatures
  Jorgrun (Elf:1)
  An eldritch tentacle (WizLab)
  Gastronok (Lair:3)
  A tentacled starspawn (WizLab)
  A deep elf sorcerer (Elf:2)
  2 orc warlords (Orc:2)
  A minotaur (Gauntlet)
  The ghost of Piwky the Grappler, a journeyman TrMo (Lair:4)
  A deep elf demonologist (Elf:1)
  A purple draconian (WizLab)
  An ettin (D:15)
  2 deep elf death magi
  A vault guard (D:13)
  5 boulder beetles
  A ghost crab (Gauntlet)
  An ogre mage (D:14)
  11 hydras
  2 catoblepae
  6 two-headed ogres (D:14)
  3 tengu warriors
  13 death yaks
  6 centaur warriors
  13 dancing weapons
  Urug (Orc:2)
  The ghost of Phlounder the Insei, a novice DjTm of Makhleb (D:8)
  Sonja (Orc:2)
  3 orc high priests
  A soul eater (WizLab)
  Nergalle (Lair:3)
  15 deep elf knights
  The ghost of SirDiesAlot the Thaumaturge, a novice DECj (D:9)
  2 deep trolls (D:15)
  A bog body (Lair:2)
  4 orc knights
  12 deep elf archers
  An obsidian statue (WizLab)
  A necromancer (IceCv)
  24 deep elf pyromancers
  29 deep elf zephyrmancers
  10 ugly things
  2 manticores
  4 orc sorcerers
  A harpy (shapeshifter) (D:14)
  The ghost of pigah the Thaumaturge, a novice OpWn of Sif Muna (D:7)
  4 oklob plants
  A wolf spider (D:15)
  3 worldbinders (WizLab)
  3 cyclopes
  An elephant (shapeshifter) (D:9)
  An apocalypse crab (WizLab)
  7 black mambas
  11 cane toads
  8 elephants
  A cane toad (shapeshifter) (D:13)
  A rime drake (shapeshifter) (Elf:1)
  A minotaur zombie (Gauntlet)
  A gargoyle (D:13)
  2 kobold demonologists
  A centaur skeleton (D:10)
  An ice statue (IceCv)
  5 rime drakes
  9 ice devils (IceCv)
  A hellwing (D:10)
  5 freezing wraiths
  3 tengu conjurers
  8 komodo dragons
  2 entropy weaver simulacra (IceCv)
  6 trolls
  9 polar bears
  3 meliai (D:15)
  3 hornets
  3 slime creatures (D:15)
  A tyrant leech (Gauntlet)
  12 blink frogs
  A meliai zombie (D:9)
  7 dream sheep
  A snapping turtle (shapeshifter) (Elf:1)
  Sigmund (D:4)
  5 air elementals
  A water elemental (Elf:1)
  12 spriggans (Lair:6)
  A shadow (D:11)
  A wraith (D:13)
  2 redbacks (Lair:3)
  A dire elephant simulacrum (IceCv)
  6 basilisks
  7 fire elementals
  3 wyverns
  A golden eye (shapeshifter) (D:14)
  47 yaks
  A steam dragon (D:9)
  5 vampire mosquitoes
  2 death yak simulacra (IceCv)
  A chaos spawn (WizLab)
  A spatial vortex (WizLab)
  7 wargs
  2 harpy simulacra (IceCv)
  5 swamp worms
  A small abomination (WizLab)
  19 water moccasins
  7 black bears
  2 sky beasts (D:6)
  58 orc warriors
  An ice beast (shapeshifter) (Elf:1)
  A hornet zombie (D:8)
  11 ogres
  5 boggarts
  3 necrophages
  20 centaurs
  35 wolves
  A phantom (D:5)
  9 kobold brigands
  11 bullfrogs
  3 earth elementals
  A wyvern zombie (D:9)
  3 cane toad simulacra (IceCv)
  2 water moccasin zombies
  A scorpion (D:5)
  A wyvern skeleton (D:6)
  An elephant simulacrum (IceCv)
  7 wights
  6 electric eels
  3 spectral centaurs
  2 vampire bats (Orc:1)
  2 bullfrog zombies (D:6)
  8 centaur zombies
  A jelly (D:4)
  A hound (D:4)
  A gnoll shaman (D:7)
  23 orc priests
  A bullfrog skeleton (D:7)
  An iron imp (D:7)
  Terence (D:3)
  Natasha (thrice) (D:3)
  20 orc wizards
  A troll simulacrum (IceCv)
  2 polar bear simulacra (IceCv)
  A killer bee zombie (D:7)
  A hound skeleton (D:4)
  A howler monkey zombie (D:8)
  3 adders
  6 gnolls
  A naga simulacrum (IceCv)
  4 shadow imps
  A white imp (D:7)
  An ufetubus (D:6)
  An adder skeleton (D:4)
  2 worms (D:2)
  124 orcs
  11 ball pythons
  9 bats
  8 endoplasms
  3 giant cockroaches
  12 goblins
  11 hobgoblins
  10 jackals
  2 quokkas
  2 frilled lizards
  14 kobolds
  6 rats
943 creatures vanquished.

Vanquished Creatures (collateral kills)
  A water moccasin (D:8)
  An ogre (D:6)
  A jelly (D:6)
  An orc priest (D:9)
  A gnoll (D:4)
  A dart slug (D:4)
  8 orcs
  A quokka (D:4)
  A kobold (D:8)
16 creatures vanquished.

Vanquished Creatures (others)
  A hydra (Lair:1)
  4 deep elf knights
  A spectral wolf spider (D:9)
  A deep elf zephyrmancer (Elf:2)
  A centaur skeleton (D:10)
  3 entropy weaver simulacra (IceCv)
  A hellwing (D:10)
  An ice devil (IceCv)
  A hornet (D:9)
  A wolf spider simulacrum (D:9)
  A centaur simulacrum (D:9)
  13 yaks
  4 death yak simulacra (IceCv)
  A vampire mosquito (D:11)
  A harpy simulacrum (IceCv)
  A swamp worm (Gauntlet)
  2 kobold brigands
  2 orc warriors
  A centaur (D:10)
  A two-headed ogre simulacrum (IceCv)
  3 cane toad simulacra (IceCv)
  2 elephant simulacra (IceCv)
  A wight (D:10)
  2 orc wizards (D:10)
  A troll simulacrum (IceCv)
  A spriggan simulacrum (IceCv)
  2 polar bear simulacra (IceCv)
  A wolf simulacrum (IceCv)
  2 gnolls (D:7)
  2 adders
  A white imp (IceCv)
  2 shadow imps (D:10)
  3 orcs
  2 kobolds (D:8)
  A bush (Lair:2)
  70 fungi
  112 plants
  12 withered plants (D:10)
262 creatures vanquished.

Grand Total: 1221 creatures vanquished

Notes
Turn   | Place    | Note
-------+----------+-------------------------------------------
     0 | D:1      | frimble the Gnoll Artificer began the quest for the Orb.
     0 | D:1      | Reached XP level 1. HP: 17/17 MP: 1/1
   233 | D:1      | Found a faded altar of an unknown god.
   253 | D:1      | Reached XP level 2. HP: 10/23 MP: 2/2
  1503 | D:2      | Reached XP level 3. HP: 17/28 MP: 3/3
  1959 | D:2      | Reached skill level 1 in Invocations
  2258 | D:2      | Reached skill level 1 in Short Blades
  2258 | D:2      | Reached skill level 1 in Long Blades
  2258 | D:2      | Reached skill level 1 in Axes
  2258 | D:2      | Reached skill level 1 in Maces & Flails
  2258 | D:2      | Reached skill level 1 in Polearms
  2258 | D:2      | Reached skill level 1 in Staves
  2258 | D:2      | Reached skill level 1 in Slings
  2258 | D:2      | Reached skill level 1 in Bows
  2258 | D:2      | Reached skill level 1 in Crossbows
  2258 | D:2      | Reached skill level 1 in Throwing
  2258 | D:2      | Reached skill level 1 in Shields
  2258 | D:2      | Reached skill level 1 in Unarmed Combat
  2258 | D:2      | Reached skill level 1 in Spellcasting
  2648 | D:3      | Reached XP level 4. HP: 25/34 MP: 5/5
  2790 | D:3      | Noticed Natasha
  2953 | D:4      | Noticed an ogre
  2965 | D:4      | Killed an ogre
  2966 | D:4      | Reached skill level 1 in Conjurations
  2966 | D:4      | Reached skill level 1 in Hexes
  2966 | D:4      | Reached skill level 1 in Summonings
  2966 | D:4      | Reached skill level 1 in Necromancy
  2966 | D:4      | Reached skill level 1 in Translocations
  2966 | D:4      | Reached skill level 1 in Transmutations
  2966 | D:4      | Reached skill level 1 in Fire Magic
  2966 | D:4      | Reached skill level 1 in Ice Magic
  2966 | D:4      | Reached skill level 1 in Air Magic
  2966 | D:4      | Reached skill level 1 in Earth Magic
  2966 | D:4      | Reached skill level 1 in Poison Magic
  2966 | D:4      | Reached XP level 5. HP: 36/41 MP: 5/7
  3073 | D:4      | Noticed a black bear
  3074 | D:4      | Noticed a necrophage
  3113 | D:4      | Killed a necrophage
  3114 | D:4      | Reached XP level 6. HP: 45/47 MP: 8/8
  3117 | D:4      | Killed a black bear
  3118 | D:4      | Reached skill level 5 in Armour
  3176 | D:4      | Noticed Sigmund
  3189 | D:4      | Killed Sigmund
  3190 | D:4      | Reached XP level 7. HP: 52/52 MP: 10/10
  4539 | D:3      | Killed Natasha
  4547 | D:3      | Noticed Natasha
  4671 | D:3      | Killed Natasha
  5114 | D:3      | Gained mutation: Your body sometimes deteriorates upon
                  | taking damage. [potion of mutation]
  5114 | D:3      | Gained mutation: You possess an exceptional clarity of
                  | mind. [potion of mutation]
  5136 | D:3      | Noticed Terence
  5360 | D:3      | Killed Terence
  5361 | D:3      | Reached XP level 8. HP: 56/60 MP: 12/12
  5366 | D:3      | Noticed Natasha
  5371 | D:3      | Killed Natasha
  5597 | D:5      | Entered Level 5 of the Dungeon
  6732 | D:6      | Found a staircase to the Ecumenical Temple.
  7327 | D:5      | Found a shimmering blue altar of Sif Muna.
  7341 | D:5      | Reached XP level 9. HP: 59/66 MP: 14/14
  7499 | D:5      | Found a white marble altar of Elyvilon.
  8510 | D:5      | Learned a level 3 spell: Summon Guardian Golem
  8999 | D:8      | Found a transporter.
  9001 | D:8      | Noticed Phlounder's ghost (novice DjTm)
  9016 | D:8      | Reached skill level 5 in Fighting
  9016 | D:8      | Reached skill level 5 in Dodging
  9068 | D:8      | Found a transporter.
  9089 | D:8      | Identified the +1 ring mail "Sesm" {rCorr Str+3 Dex-5}
  9361 | D:8      | Reached skill level 5 in Stealth
  9478 | D:8      | Found a hazy altar of Hepliaklqana.
  9753 | D:8      | Noticed an angel
  9758 | D:8      | Found a glowing silver altar of Zin.
  9943 | D:7      | Found a runed translucent gate.
  9943 | D:7      | Found a runed translucent gate.
  9943 | D:7      | Found a runed translucent gate.
  9945 | D:7      | Noticed a kobold demonologist
  9946 | D:7      | Noticed pigah's ghost (novice OpWn)
  9985 | D:7      | Reached skill level 5 in Invocations
 10033 | D:7      | Reached XP level 10. HP: 33/75 MP: 13/17
 10351 | D:7      | Reached skill level 5 in Short Blades
 10351 | D:7      | Reached skill level 5 in Long Blades
 10351 | D:7      | Reached skill level 5 in Axes
 10351 | D:7      | Reached skill level 5 in Maces & Flails
 10351 | D:7      | Reached skill level 5 in Polearms
 10351 | D:7      | Reached skill level 5 in Staves
 10351 | D:7      | Reached skill level 5 in Slings
 10351 | D:7      | Reached skill level 5 in Bows
 10351 | D:7      | Reached skill level 5 in Crossbows
 10351 | D:7      | Reached skill level 5 in Throwing
 10351 | D:7      | Reached skill level 5 in Shields
 10351 | D:7      | Reached skill level 5 in Unarmed Combat
 10351 | D:7      | Reached skill level 5 in Spellcasting
 10541 | D:7      | Found a snail-covered altar of Cheibriados.
 10729 | D:7      | Found a stormy altar of Qazlal.
 11334 | D:7      | Became a worshipper of Cheibriados the Contemplative
 12575 | D:9      | Found a staircase to the Lair.
 12718 | D:10     | Entered Level 10 of the Dungeon
 12828 | D:10     | Found a broken altar of Ashenzari.
 12844 | D:10     | Reached * piety under Cheibriados
 13059 | D:10     | Found Deedarch's Desiderata Depot.
 13234 | D:10     | Reached XP level 11. HP: 83/83 MP: 19/19
 13353 | D:10     | Reached skill level 5 in Conjurations
 13353 | D:10     | Reached skill level 5 in Hexes
 13353 | D:10     | Reached skill level 5 in Summonings
 13353 | D:10     | Reached skill level 5 in Necromancy
 13353 | D:10     | Reached skill level 5 in Translocations
 13353 | D:10     | Reached skill level 5 in Transmutations
 13353 | D:10     | Reached skill level 5 in Fire Magic
 13353 | D:10     | Reached skill level 5 in Ice Magic
 13353 | D:10     | Reached skill level 5 in Air Magic
 13353 | D:10     | Reached skill level 5 in Earth Magic
 13353 | D:10     | Reached skill level 5 in Poison Magic
 13478 | D:10     | Found Filotoi's Antique Armour Boutique.
 13486 | D:10     | Found Vexzimmissi's Jewellery Shop.
 13491 | D:10     | Found Foid's General Store.
 13503 | D:10     | Found Zurghi's Antique Weapon Emporium.
 13787 | D:10     | Reached ** piety under Cheibriados
 13965 | D:10     | Found Otwom's General Store.
 14006 | D:10     | Found a hide-covered altar of Uskayaw.
 14248 | D:11     | Found a flagged portal.
 14272 | Bailey   | Entered a bailey
 14998 | Bailey   | Reached *** piety under Cheibriados
 15478 | Bailey   | Noticed an orc knight
 15486 | Bailey   | Killed an orc knight
 15762 | D:11     | Noticed an eight-headed hydra
 15765 | D:11     | Killed an eight-headed hydra
 15916 | D:11     | Noticed a green ugly thing
 15926 | D:11     | Killed a green ugly thing
 16187 | D:11     | Noticed a boulder beetle
 16209 | D:11     | Killed a boulder beetle
 16210 | D:11     | Reached XP level 12. HP: 91/91 MP: 22/22
 16229 | D:11     | Found a staircase to the Orcish Mines.
 16280 | D:11     | Found a portal to a secret trove of treasure.
 17092 | D:9      | Reached **** piety under Cheibriados
 17573 | D:9      | Found a runed translucent gate.
 17573 | D:9      | Found a runed translucent gate.
 17573 | D:9      | Found a runed translucent gate.
 17574 | D:9      | Noticed SirDiesAlot's ghost (novice DECj)
 17720 | D:7      | Learned a level 5 spell: Borgnjor's Vile Clutch
 17750 | D:7      | Killed pigah's ghost
 17953 | D:8      | Killed Phlounder's ghost
 18191 | Lair:1   | Entered Level 1 of the Lair of Beasts
 18191 | Lair:1   | Noticed a six-headed hydra
 18201 | Lair:1   | Killed a six-headed hydra
 18395 | Lair:1   | Lost mutation: Your body sometimes deteriorates upon taking
                  | damage. [potion of mutation]
 18395 | Lair:1   | Lost mutation: You possess an exceptional clarity of mind.
                  | [potion of mutation]
 18395 | Lair:1   | Gained mutation: Your spells are a little harder to cast,
                  | but a little more powerful. [potion of mutation]
 18395 | Lair:1   | Gained mutation: Your natural rate of healing is unusually
                  | fast. [potion of mutation]
 18395 | Lair:1   | Gained mutation: You have supernaturally acute eyesight.
                  | (SInv) [potion of mutation]
 18437 | Lair:1   | Identified the +0 leather armour of Time Monsters {Rampage
                  | rC- Regen+ Dex+2}
 18465 | Lair:1   | Found a burning altar of Makhleb.
 18515 | Lair:1   | Found a frozen archway.
 18520 | Lair:1   | Reached ***** piety under Cheibriados
 18543 | IceCv    | Entered an ice cave
 18569 | IceCv    | Reached skill level 10 in Evocations
 19085 | IceCv    | Found an ancient bone altar of Kikubaaqudgha.
 19162 | IceCv    | Reached XP level 13. HP: 74/98 MP: 24/24
 20379 | Lair:2   | Found a gate leading to a gauntlet.
 20393 | Gauntlet | Entered a Gauntlet
 20393 | Gauntlet | Found a transporter.
 20393 | Gauntlet | Found a transporter.
 20393 | Gauntlet | Found a transporter.
 20413 | Gauntlet | Found a transporter.
 20423 | Gauntlet | Found a transporter.
 20444 | Gauntlet | Found a transporter.
 20450 | Gauntlet | Found a transporter.
 20458 | Gauntlet | Found a transporter.
 20475 | Gauntlet | Found a transporter.
 20483 | Gauntlet | Found a transporter.
 20501 | Gauntlet | Found a transporter.
 20528 | Gauntlet | Found a transporter.
 20764 | Gauntlet | Identified the ring "Vusac" {Dex+6 SInv}
 20820 | Gauntlet | Identified the ring of Tender Moments {Contam rC+ Slay+5}
 20820 | Gauntlet | Noticed a minotaur
 20835 | Gauntlet | Killed a minotaur
 20881 | Gauntlet | Identified the +0 cloak "Baneahum" {rF+ rN+ Regen+ Stlth-}
 20881 | Gauntlet | Identified the +8 chain mail "Faitoa" {rCorr}
 21308 | Lair:2   | Identified a scroll of acquirement
 21308 | Lair:2   | Acquired 1182 gold pieces
 21432 | Lair:2   | Found a staircase to the Swamp.
 21941 | D:10     | Bought a +2 vampiric demon blade for 684 gold pieces
 22114 | Lair:3   | Noticed Nergalle
 22122 | Lair:3   | Killed Nergalle
 22229 | Lair:3   | Reached XP level 14. HP: 108/108 MP: 26/26
 22261 | Lair:3   | Noticed Gastronok
 22274 | Lair:3   | Killed Gastronok
 22275 | Lair:3   | Reached skill level 10 in Armour
 22623 | Lair:3   | Found a hole to the Spider Nest.
 23094 | Lair:4   | Reached ****** piety under Cheibriados
 23136 | Lair:4   | Found a runed translucent door.
 23137 | Lair:4   | Noticed Piwky's ghost (journeyman TrMo)
 23491 | Lair:4   | Reached skill level 10 in Invocations
 23683 | Lair:4   | Identified the +8 plate armour of the Valley of Death
                  | {rCorr Dex+2}
 23718 | Lair:5   | Acquired 310 gold pieces
 24537 | Lair:6   | Entered Level 6 of the Lair of Beasts
 24597 | Lair:6   | Reached skill level 10 in Fighting
 24597 | Lair:6   | Reached skill level 10 in Dodging
 24636 | Lair:6   | Reached skill level 10 in Stealth
 24663 | Lair:6   | Reached XP level 15. HP: 88/115 MP: 28/28
 24671 | Lair:6   | Learned a level 2 spell: Passwall
 25079 | Lair:6   | Reached skill level 10 in Short Blades
 25079 | Lair:6   | Reached skill level 10 in Long Blades
 25079 | Lair:6   | Reached skill level 10 in Axes
 25079 | Lair:6   | Reached skill level 10 in Maces & Flails
 25079 | Lair:6   | Reached skill level 10 in Polearms
 25079 | Lair:6   | Reached skill level 10 in Staves
 25079 | Lair:6   | Reached skill level 10 in Slings
 25079 | Lair:6   | Reached skill level 10 in Bows
 25079 | Lair:6   | Reached skill level 10 in Crossbows
 25079 | Lair:6   | Reached skill level 10 in Throwing
 25079 | Lair:6   | Reached skill level 10 in Shields
 25079 | Lair:6   | Reached skill level 10 in Unarmed Combat
 25079 | Lair:6   | Reached skill level 10 in Spellcasting
 25580 | Lair:6   | Found a staircase to the Slime Pits.
 25745 | Lair:4   | Killed Piwky's ghost
 25957 | D:9      | Killed SirDiesAlot's ghost
 26081 | Orc:1    | Entered Level 1 of the Orcish Mines
 26261 | Orc:2    | Entered Level 2 of the Orcish Mines
 26281 | Orc:2    | Noticed an orc warlord
 26297 | Orc:2    | Noticed Urug
 26299 | Orc:2    | Killed an orc warlord
 26753 | Orc:2    | Found a staircase to the Elven Halls.
 26768 | Orc:2    | Killed Urug
 27047 | Orc:2    | Found Luoddeav's Antique Armour Shoppe.
 27061 | Orc:2    | Reached XP level 16. HP: 119/124 MP: 30/30
 27284 | Orc:2    | Noticed Sonja
 27291 | Orc:2    | Killed Sonja
 27421 | Orc:2    | Found Jorch's Antique Weapon Shop.
 27423 | Orc:2    | Found Qiewu's Antique Armour Boutique.
 27642 | Orc:2    | Found Yzenwi's General Store.
 27647 | Orc:2    | Bought 3 scrolls of teleportation for 144 gold pieces
 28374 | D:12     | Identified the +7 lajatang of the Piercing Visionary
                  | {flame, rElec rN+ Dex+2}
 28957 | D:13     | Found a gate to the Vaults.
 29146 | D:13     | Found a sacrificial altar of Ru.
 29343 | D:13     | Identified the +1 scale mail "Siuromp" {rN+ Regen+}
 29419 | D:11     | You paid a toll of +2 ice dragon scales to enter a treasure
                  | trove
 29420 | Trove    | Entered a treasure trove
 29429 | Trove    | Identified the ring of the Invisible Stories {Fire +Blink
                  | rPois Str+3}
 29435 | Trove    | Identified the ring of the Meadowlark {Fire rPois rCorr
                  | Int-4 Dex-3}
 29443 | Trove    | Identified the ring of Fuwun {Wiz +Blink rPois Int+7 Dex-5}
 29466 | Trove    | Identified the ring "Xesusoh" {Will+ Str+6 Int+2}
 29471 | Trove    | Identified the ring "Caraufal" {Wiz +Blink rF+ Int+7
                  | Stlth+}
 30460 | D:15     | Entered Level 15 of the Dungeon
 30529 | D:15     | Found Reruweib's General Store.
 30539 | D:15     | Bought a scroll of enchant armour for 135 gold pieces
 30539 | D:15     | Bought a +0 double sword for 270 gold pieces
 30539 | D:15     | Bought a +0 pair of boots for 81 gold pieces
 30634 | D:15     | Found a staircase to the Depths.
 30704 | D:15     | Found Vicog's Book Shop.
 30879 | D:15     | Found Ven Kon's Jewellery Shoppe.
 31024 | D:15     | Learned a level 7 spell: Ozocubu's Refrigeration
 31162 | Elf:1    | Entered Level 1 of the Elven Halls
 31162 | Elf:1    | Found a radiant altar of Vehumet.
 31225 | Elf:1    | Noticed Jorgrun
 31233 | Elf:1    | Killed Jorgrun
 31234 | Elf:1    | Reached XP level 17. HP: 131/131 MP: 7/32
 31396 | Elf:1    | Found Yblub's Book Shoppe.
 31399 | Elf:1    | Found Custuetz's Book Emporium.
 31399 | Elf:1    | Found Oppot Laam's Magic Scroll Shoppe.
 31402 | Elf:1    | Found Akhlupna's Antique Armour Emporium.
 31404 | Elf:1    | Bought a book of Sloth for 504 gold pieces
 31404 | Elf:1    | Bought an Inescapable Atlas for 476 gold pieces
 31407 | Elf:1    | Learned a level 2 spell: Blink
 31414 | Elf:1    | Learned a level 6 spell: Statue Form
 31417 | Elf:1    | Bought a book of Cantrips for 272 gold pieces
 31420 | Elf:1    | Bought a fine buckler for 342 gold pieces
 31420 | Elf:1    | Identified the +0 buckler of the Quahog {rPois rN+++ Str-3
                  | Dex-4} (You bought it in a shop on level 1 of the Elven
                  | Halls)
 32404 | Elf:1    | Paralysed by an air elemental for 1 turns
 32426 | Elf:1    | Identified the +3 rapier "Finelescha" {protect, rPois Will-
                  | Str+6 Int+2}
 32558 | Elf:2    | Reached skill level 10 in Conjurations
 32558 | Elf:2    | Reached skill level 10 in Hexes
 32558 | Elf:2    | Reached skill level 10 in Summonings
 32558 | Elf:2    | Reached skill level 10 in Necromancy
 32558 | Elf:2    | Reached skill level 10 in Translocations
 32558 | Elf:2    | Reached skill level 10 in Transmutations
 32558 | Elf:2    | Reached skill level 10 in Fire Magic
 32558 | Elf:2    | Reached skill level 10 in Ice Magic
 32558 | Elf:2    | Reached skill level 10 in Air Magic
 32558 | Elf:2    | Reached skill level 10 in Earth Magic
 32558 | Elf:2    | Reached skill level 10 in Poison Magic
 32618 | Elf:2    | Found a runed translucent gate.
 32618 | Elf:2    | Found a runed translucent gate.
 32622 | Elf:2    | Found a runed translucent gate.
 32990 | Elf:2    | Found Waoty's Antique Armour Shoppe.
 33048 | Elf:2    | Reached XP level 18. HP: 123/140 MP: 33/33
 33066 | Elf:2    | Found a radiant altar of Vehumet.
 33348 | Elf:3    | Entered Level 3 of the Elven Halls
 33356 | Elf:3    | Found a magical portal.
 33369 | WizLab   | Entered The Roulette of Golubria
 33369 | WizLab   | Found a transporter.
 33374 | WizLab   | Found a corrupted altar of Lugonu.
 33439 | WizLab   | Found a transporter.
 33440 | WizLab   | Found a transporter.
 33441 | WizLab   | Got the Volume of the Traveller
 33450 | WizLab   | Found a transporter.
 33450 | WizLab   | Found a transporter.
 33490 | WizLab   | Found a transporter.
 33490 | WizLab   | Found a transporter.
 33508 | WizLab   | Found a corrupted altar of Lugonu.
 33525 | WizLab   | Found a transporter.
 33525 | WizLab   | Found a transporter.
 33543 | WizLab   | Paralysed by you for 5 turns
 33549 | WizLab   | HP: 10/210 [poisoned by an apocalypse crab]
 33661 | WizLab   | Found a transporter.
 33661 | WizLab   | Found a transporter.
 33671 | WizLab   | Identified the +0 cloak of Cowardice {+Blink rN+ SInv}
 33672 | WizLab   | Found a transporter.
 33705 | WizLab   | Identified the +2 cloak "Myhe" {Will+ Str+3 Slay+3}
 33708 | WizLab   | Identified the -6 cloak of Forking Paths {rF++ Dex-3}
 33781 | Elf:3    | Paralysed by an air elemental for 1 turns
 33788 | Elf:3    | Paralysed by an air elemental for 1 turns
 33806 | Elf:3    | Killed from afar by a deep elf zephyrmancer

Illustrated notes

Levels and vault maps discovered:
D:1:      lemuel_arrival_river_ford, layout_basic,
          hellmonk_ecumenical_altar_crossroads
D:2:      layout_basic
D:3:      layout_rooms, hex_intersection, uniq_terence, uniq_natasha
D:4:      layout_cave_pods, minmay_fractal_squares_5, uniq_sigmund
D:5:      layout_loops_ring, nicolae_elyvilon_temple_path, kennysheep_little_box
D:6:      layout_basic, minmay_temple_entry_purple_smoke,
          kennysheep_generic_room_6
D:7:      layout_basic, mainiacjoe_overflow_paths, slow_altar_2,
          gammafunk_ghost_nasty_kobolds
D:8:      layout_basic, zin_angel, mainiacjoe_overflow_surrounded_room,
          gammafunk_ghost_mausoleum
D:9:      layout_basic, dpeg_oklobed_lair, gammafunk_ghost_necromancy
D:10:     cheibrodos_grave_circle, layout_basic, mainiacjoe_overflow_catwalk,
          ashenzari_conservatory_becter, serial_shops, kennysheep_mini,
          nicolae_shop_window_shopping, nicolae_shop_trees, shop,
          nicolae_shop_behind_doors, nicolae_alphabet_shops
D:11:     layout_loops_corners, orc_0_dummy, enter_trove_2, enter_bailey_4
D:12:     layout_cave_pods, hellmonk_bongcloud_opening
D:13:     layout_roguey, david_vaults_5, nicolae_ru_great_annihilating_truth
D:14:     layout_stronghold
D:15:     hangedman_depths_entry_civil_slaughter, layout_cave_pools,
          serial_shops, nicolae_square_shop, nicolae_shop_crystal,
          nicolae_lakefront_shop, minmay_misc_feat_more_columns
Lair:1:   layout_small_grid, portal_ice_cave_rime, lemuel_oklob_altar
Lair:2:   layout_gridlike, nicolae_swamp_entry_splash_gauntlet,
          gauntlet_entry_generic, cheibrodos_lair_lostbears
Lair:3:   layout_cave_pods, spider_nest_entry_webs, uniq_nergalle,
          uniq_gastronok
Lair:4:   layout_roguey, ebering_ghost_inner_flame, grunt_megastairs_4,
          infiniplex_staircase_pool
Lair:5:   layout_roguey, grunt_megastairs_2, serial_bayou_shore_a
Lair:6:   minmay_lair_end_enchanted_forest, layout_misc_corridors,
          minmay_slime_entry_oklob_open, serial_bayou_pond_e, lookout_lair_type,
          nicolae_lair_grove_arrangements
Orc:1:    layout_diamond_mine, basic_altar, roderic_batcave, minmay_orc_temple_b
Orc:2:    grunt_orc_community_town_hall, layout_diamond_mine,
          grunt_orc_community_big_house_2, grunt_orc_community_big_house_2,
          grunt_orc_community_house_1, grunt_orc_community_house_2,
          grunt_orc_community_house_3, grunt_orc_community_house_1,
          grunt_orc_community_house_1, uniq_sonja, uniq_urug
Elf:1:    layout_loops_corners, basic_altar, evilmike_minifort,
          minmay_shoptagon, uniq_jorgrun
Elf:2:    elven_hall_of_blades_hangedman_original
          [nicolae_vaults_blade_armed_guards], layout_onion_city, serial_shops,
          nicolae_lakefront_shop, corexii_hall_statues_s, lemuel_statue_altar,
          nicolae_elf_stone_circles
Elf:3:    minmay_elf_hall_hex, layout_geoelf_grid, mu_enter_wizlab_1

Skill      XL: |  1  2  3  4  5  6  7  8  9 10 11 12 13 14 15 16 17 18 |
---------------+-------------------------------------------------------+-----
Invocations    | 1 2 3 4 5 6 7 8 9 10 11 12 13 | 13.0
Short Blades   | 1 2 3 4 5 6 7 8 9 10 11 12 | 12.1
Long Blades    | 1 2 3 4 5 6 7 8 9 10 11 12 | 12.1
Axes           | 1 2 3 4 5 6 7 8 9 10 11 12 | 12.1
Maces & Flails | 1 2 3 4 5 6 7 8 9 10 11 12 | 12.1
Polearms       | 1 2 3 4 5 6 7 8 9 10 11 12 | 12.1
Staves         | 1 2 3 4 5 6 7 8 9 10 11 12 | 12.1
Slings         | 1 2 3 4 5 6 7 8 9 10 11 12 | 12.1
Bows           | 1 2 3 4 5 6 7 8 9 10 11 12 | 12.1
Crossbows      | 1 2 3 4 5 6 7 8 9 10 11 12 | 12.1
Throwing       | 1 2 3 4 5 6 7 8 9 10 11 12 | 12.1
Shields        | 1 2 3 4 5 6 7 8 9 10 11 12 | 12.1
Unarmed Combat | 1 2 3 4 5 6 7 8 9 10 11 12 | 12.1
Spellcasting   | 1 2 3 4 5 6 7 8 9 10 11 12 | 12.1
Fighting       | 3 4 5 6 7 8 9 10 11 12 | 12.3
Dodging        | 3 4 5 6 7 8 9 10 11 12 | 12.3
Conjurations   | 1 2 3 4 5 6 7 8 9 10 | 10.3
Hexes          | 1 2 3 4 5 6 7 8 9 10 | 10.3
Summonings     | 1 2 3 4 5 6 7 8 9 10 | 10.3
Necromancy     | 1 2 3 4 5 6 7 8 9 10 | 10.3
Translocations | 1 2 3 4 5 6 7 8 9 10 | 10.3
Transmutations | 1 2 3 4 5 6 7 8 9 10 | 10.3
Fire Magic     | 1 2 3 4 5 6 7 8 9 10 | 10.3
Ice Magic      | 1 2 3 4 5 6 7 8 9 10 | 10.3
Air Magic      | 1 2 3 4 5 6 7 8 9 10 | 10.3
Earth Magic    | 1 2 3 4 5 6 7 8 9 10 | 10.3
Poison Magic   | 1 2 3 4 5 6 7 8 9 10 | 10.3
Stealth        | 3 4 5 6 7 8 9 10 11 12 | 12.3
Armour         | 5 6 7 8 9 10 11 12 | 12.8
Evocations     | 7 8 9 10 11 12 13 | 13.4

Action                   |  1- 3 |  4- 6 |  7- 9 | 10-12 | 13-15 | 16-18 || total
-------------------------+-------+-------+-------+-------+-------+-------++-------
Melee: Club              |    95 |       |       |       |       |       ||    95
       Dagger            |    48 |    23 |   390 |   524 |   332 |       ||  1317
       Bite              |    13 |     3 |    37 |    99 |   278 |   162 ||   592
       Short sword       |    28 |    28 |       |       |       |       ||    56
       Punch             |       |       |     8 |    15 |       |       ||    23
       Falchion          |       |       |     9 |       |       |       ||     9
       Demon blade       |       |       |       |       |   867 |   817 ||  1684
 Fire: Arbalest          |       |       |       |    68 |       |       ||    68
Throw: Dart              |       |       |    28 |   101 |    20 |    12 ||   161
       Throwing net      |       |       |       |     5 |       |       ||     5
       Javelin           |       |       |       |       |    20 |     6 ||    26
 Cast: Summon Guardian G |       |       |     6 |    39 |    15 |     1 ||    61
       Borgnjor's Vile C |       |       |       |     7 |       |       ||     7
       Passwall          |       |       |       |       |     1 |     3 ||     4
       Ozocubu's Refrige |       |       |       |       |       |     3 ||     3
       Blink             |       |       |       |       |       |     2 ||     2
Invok: Bend Time         |       |       |       |     1 |       |       ||     1
       Slouch            |       |       |       |       |     5 |    11 ||    16
       Step From Time    |       |       |       |       |     2 |     1 ||     3
       Temporal Distorti |       |       |       |       |       |     1 ||     1
Evoke: Wand              |     6 |    11 |    16 |    33 |    18 |     7 ||    91
       Piece from Xom's  |       |     3 |     1 |       |       |       ||     4
       Tin of tremorston |       |       |       |     2 |     7 |     3 ||    12
  Use: Scroll            |     4 |     2 |     6 |     6 |    17 |     6 ||    41
       Potion            |       |       |     4 |     7 |     3 |     4 ||    18
 Stab: Sleeping          |     4 |       |     6 |     6 |     6 |    25 ||    47
       Held in net/web   |       |       |       |     3 |     1 |       ||     4
       Distracted        |       |       |       |       |     4 |     1 ||     5
       Paralysed         |       |       |       |       |       |     2 ||     2
       Invisible         |       |       |       |       |       |     1 ||     1
Armor: Leather armour    |    42 |    10 |   108 |    17 |   169 |   139 ||   485
       Steam dragon scal |       |       |       |   130 |       |       ||   130
       Skin              |       |       |       |       |       |    14 ||    14
Dodge: Dodged            |   114 |    24 |   192 |   462 |  1003 |   575 ||  2370
Block: Buckler           |       |       |       |    50 |   796 |   469 ||  1315
       Reflection        |       |       |       |       |     1 |    47 ||    48

Table legend: (Time is in decaauts)
 A = Elapsed time spent in this place.
 B = Non-inter-level travel time spent in this place.
 C = Inter-level travel time spent in this place.
 D = Time resting spent in this place.
 E = Time spent auto-exploring this place.
 F = Levels seen in this place.
 G = Mean time per level.
                   A        B        C        D        E       F      G
               +--------+--------+--------+--------+--------+-----+--------+
         Total |  45819 |  42315 |   3504 |   1033 |  31272 |  31 | 1478.0 |
       Dungeon |  24588 |  22309 |   2279 |    295 |  18168 |  15 | 1639.2 |
          Lair |  10034 |   9304 |    730 |    113 |   7227 |   6 | 1672.3 |
  Orcish Mines |   3019 |   2598 |    421 |      0 |   1793 |   2 | 1509.5 |
   Elven Halls |   3744 |   3671 |     73 |      0 |   2714 |   3 | 1248.0 |
         Trove |    104 |    104 |      0 |      0 |      3 |   1 |  104.0 |
        Bailey |   1632 |   1632 |      0 |    490 |    570 |   1 | 1632.0 |
      Ice Cave |   1423 |   1423 |      0 |    135 |    216 |   1 | 1423.0 |
        Wizlab |    512 |    512 |      0 |      0 |    172 |   1 |  512.0 |
      Gauntlet |    757 |    757 |      0 |      0 |    406 |   1 |  757.0 |
               +--------+--------+--------+--------+--------+-----+--------+

Top non-repeatable levels by time:
     D:9: 2545 daAuts
    D:11: 2259 daAuts
   Elf:1: 2258 daAuts
    D:10: 1909 daAuts
     D:8: 1906 daAuts
     D:6: 1901 daAuts
  Lair:1: 1873 daAuts
   Orc:2: 1865 daAuts
     D:7: 1848 daAuts
  Lair:2: 1771 daAuts
     D:2: 1736 daAuts
  Lair:6: 1717 daAuts
  Lair:3: 1679 daAuts
    D:12: 1678 daAuts
     D:4: 1667 daAuts
